[Event "Israel Team Ch Under 18"]
[Site "Jerusalem"]
[Date "2017.08.14"]
[Round "5"]
[White "Avineri, Paz"]
[Black "Gorshtein, Ido"]
[Result "1/2-1/2"]
[ECO "D35"]
[WhiteElo "1807"]
[BlackElo "2148"]
[Annotator "ChessBase"]
[PlyCount "52"]
[EventDate "2017.??.??"]
[EventType "swiss"]
[EventCountry "ISR"]
[SourceTitle "playchess.com"]
[Source "ChessBase"]
[SourceQuality "1"]
[TimeControl "40/5400+30:1800+30"]

1. c4 e6 2. Nc3 d5 3. cxd5 exd5 4. d4 Nf6 5. Bg5 Nbd7 6. Nf3 Be7 7. e3 c6 8. Bd3 O-O 9. Qc2 Re8 10. O-O h6 11. Bh4 Ne4 12. Bxe7 Qxe7 13. Nd2 Ndf6 14. Ndxe4 Nxe4 15. Nxe4 dxe4 16. Bc4 Qg5 17. Rae1 Be6 18. Bxe6 Rxe6 19. Rc1 Qa5 20. Qb3 Qb6 21. Rc3 Rd8 22. Rfc1 Rd5 23. Qxb6 axb6 24. Rb3 b5 25. Ra3 Red6 26. b4 f5 1/2-1/2

[Event "Israel Team Ch Under 18"]
[Site "Jerusalem"]
[Date "2017.08.14"]
[Round "5"]
[White "Kadria, Shay"]
[Black "Vazana, Yochay"]
[Result "*"]
[ECO "A00"]
[WhiteElo "1784"]
[BlackElo "1909"]
[Annotator "NA"]
[PlyCount "32"]
[EventDate "2017.??.??"]
[EventType "swiss"]
[EventCountry "ISR"]
[SourceTitle "playchess.com"]
[Source "ChessBase"]
[SourceQuality "1"]
[TimeControl "40/5400+30:1800+30"]

1. h3 b6 2. Nf3 Bb7 3. d3 f5 4. Nc3 Nf6 5. g3 e6 6. Bg2 Be7 7. O-O O-O 8. Ne1 Bxg2 9. Nxg2 d5 10. d4 c5 11. e3 Nc6 12. f4 cxd4 13. exd4 Nxd4 14. Kh2 Nc6 15. g4 Qd7 16. g5 Ne8 *

[Event "Israel Team Ch Under 18"]
[Site "Jerusalem"]
[Date "2017.08.14"]
[Round "5"]
[White "Caspi, Nimi"]
[Black "Rozen, Eytan"]
[Result "1-0"]
[ECO "C55"]
[WhiteElo "1780"]
[BlackElo "1819"]
[Annotator "NA"]
[PlyCount "131"]
[EventDate "2017.??.??"]
[EventType "swiss"]
[EventCountry "ISR"]
[SourceTitle "playchess.com"]
[Source "ChessBase"]
[SourceQuality "1"]
[TimeControl "40/5400+30:1800+30"]

1. e4 e5 2. Nf3 Nc6 3. d4 exd4 4. Bc4 Nf6 5. O-O Bc5 6. e5 d5 7. exf6 dxc4 8. fxg7 Rg8 9. Re1+ Be6 10. Ng5 {C56: Two Knights: 4 d4 exd4 5 0-0 Nxe4} Qe7 (10... Kd7 11. Qh5 Bd6 12. Nxe6 fxe6 13. Bh6 Qf6 14. Nd2 Bf4 15. Ne4 Qxh6 16. Qf7+ Ne7 17. Nf6+ Kc6 18. Qxe6+ {1-0 (18) Fernandez Guillen,E (2424)-Jimenez Fraga,P (2432) Santa Clara 2017}) 11. Qh5 O-O-O 12. Nxe6 $146 ({Predecessor:} 12. Ne4 Bd5 13. Qf5+ Rd7 14. Bg5 f6 15. Bxf6 Bxe4 16. Rxe4 Qf7 17. g4 Be7 18. Bxe7 Qxf5 19. gxf5 Rxg7+ {1-0 (41) Hager,J (2182)-Nabavi,P (2126) Badenweiler 2009}) 12... fxe6 13. Bh6 Nb4 14. Na3 d3 15. c3 d2 16. Red1 Nd3 17. Rxd2 Bxa3 18. bxa3 Qf6 19. Rc2 Rd5 20. Qh3 Rf5 ({Better is} 20... Qf5 $1 $15 21. Qe3 Qg6) 21. Rf1 Qg6 22. Re2 $1 Kd7 (22... Rf6 $5 23. Bd2 Rxg7 $15) 23. Qh4 ({Better is} 23. Re4 $1 $14) 23... Rh5 (23... b5 $11 {keeps the balance.}) 24. Qxc4 Rc5 $18 (24... Qxh6 $16 {was necessary.} 25. Qxd3+ Kc8) 25. Qe4 Qxh6 26. Qxd3+ Rd5 27. Qf3 Qxg7 28. Rfe1 Re8 29. Rxe6 Rxe6 30. Qxd5+ Rd6 31. Qb5+ Rc6 32. Rd1+ Ke7 33. Qb4+ Kf6 34. Qxb7 Rxc3 35. Qxa7 Kg6 36. h3 Qe5 37. a4 Rc2 38. Qa6+ Kf7 39. Qh6 Re2 40. Qxh7+ Ke8 41. Qg8+ Ke7 42. Qd8+ Ke6 43. Qe8+ Kf6 44. Qxe5+ Kxe5 45. Rd7 Rxa2 46. Rxc7 Rxa4 47. Rf7 Ke6 48. Rf3 Ke7 49. g4 Ke8 50. Kg2 Ra1 51. Kg3 Ke7 52. g5 Ra4 53. h4 Ke6 54. Rf4 Ra1 55. Kg4 Ke5 56. Rf8 Ke6 57. g6 Ke7 58. Rf4 Ra8 59. h5 Ra1 60. Kg5 Rg1+ 61. Kh6 Ke6 62. g7 Ke5 63. Rf8 Ra1 64. g8=Q Ra6+ 65. Qg6 Ra7 66. Re8+ 1-0

[Event "Israel Team Ch Under 18"]
[Site "Jerusalem"]
[Date "2017.08.14"]
[Round "5"]
[White "Vaknin, Asaf"]
[Black "Gabizon, Eyal"]
[Result "0-1"]
[ECO "A45"]
[WhiteElo "1746"]
[BlackElo "2146"]
[Annotator "NA"]
[PlyCount "74"]
[EventDate "2017.??.??"]
[EventType "swiss"]
[EventCountry "ISR"]
[SourceTitle "playchess.com"]
[Source "ChessBase"]
[SourceQuality "1"]
[TimeControl "40/5400+30:1800+30"]

1. d4 Nf6 2. Bg5 Ne4 3. Bf4 c5 4. f3 Nf6 5. Bxb8 Rxb8 6. e4 e6 7. Ne2 d5 8. e5 Nd7 9. f4 cxd4 10. Nxd4 Bc5 11. c3 O-O 12. Nd2 Re8 13. N2b3 Bf8 14. Qc2 f6 15. exf6 Qxf6 16. Ne2 e5 17. O-O-O exf4 18. Rxd5 f3 (18... Ne5 $17 19. Ned4 b6) 19. Ng3 $1 Nb6 20. Rd1 {[%emt 0:03:08] [#]} (20. Rd4 $1 $11 {keeps the balance.}) 20... Bg4 $1 ({Worse is} 20... f2 21. Bd3 $14) 21. gxf3 Bxf3 22. Bd3 Bxh1 23. Rxh1 g6 24. Rf1 Bh6+ 25. Kd1 $2 (25. Kb1 {keeps fighting.} Qxf1+ 26. Bxf1 Re1+ 27. Nc1 Rxc1+ 28. Qxc1 Bxc1 29. Kxc1) 25... Qe6 $19 26. Nd4 Qg4+ 27. Be2 Qg5 28. Rg1 Kh8 29. Re1 Nd5 30. Nf1 Rbd8 31. b3 Nf4 32. Bf3 Nh3 33. Re4 Rxe4 34. Bxe4 Qf4 35. Nd2 Nf2+ 36. Kc1 Nxe4 37. Kb2 Qxd2 0-1

[Event "Israel Team Ch Under 18"]
[Site "Jerusalem"]
[Date "2017.08.14"]
[Round "5"]
[White "Shapira, Gal"]
[Black "Hayohamo, Raz"]
[Result "0-1"]
[ECO "A69"]
[WhiteElo "1651"]
[BlackElo "1872"]
[Annotator "NA"]
[PlyCount "66"]
[EventDate "2017.??.??"]
[EventType "swiss"]
[EventCountry "ISR"]
[SourceTitle "playchess.com"]
[Source "ChessBase"]
[SourceQuality "1"]
[TimeControl "40/5400+30:1800+30"]

1. d4 Nf6 2. c4 e6 3. Nc3 c5 4. d5 exd5 5. cxd5 d6 6. e4 g6 7. f4 Bg7 8. Nf3 O-O 9. Be2 Re8 10. Nd2 Na6 11. O-O Nc7 12. a4 a6 13. Bf3 Rb8 14. Re1 {A69: Modern Benoni: Four Pawns Attack with 9...Re8} b5 15. axb5 axb5 16. Qc2 $146 ({Find the theoretical novelty and annotate with similar games:} 16. Nb3 Bb7 17. Na5 Ba8 18. Nc6 Bxc6 19. dxc6 b4 20. Nd5 Nb5 {½-½ (20) Arnaudov,P (2448)-Rusev,K (2539) Milan 2013}) 16... Nfxd5 17. Nxd5 Nxd5 18. Nb3 Nb4 19. Qd1 c4 20. Bd2 Nd3 21. Na5 Nxe1 22. Bxe1 Qc7 23. Bb4 Qb6+ 24. Kh1 Bxb2 25. Ra2 Bg7 26. Bxd6 Rd8 27. e5 Bf8 28. Nc6 $19 Bb7 29. Nxd8 Rxd8 30. Bxb7 Bxd6 31. exd6 Qxb7 32. Qd4 Qc6 33. Rd2 c3 0-1

[Event "Israel Team Ch Under 18"]
[Site "Jerusalem"]
[Date "2017.08.14"]
[Round "5"]
[White "Avisar, Yahav"]
[Black "Barak, Gil"]
[Result "1-0"]
[ECO "B08"]
[WhiteElo "1379"]
[BlackElo "1809"]
[Annotator "NA"]
[PlyCount "93"]
[EventDate "2017.??.??"]
[EventType "swiss"]
[EventCountry "ISR"]
[SourceTitle "playchess.com"]
[Source "ChessBase"]
[SourceQuality "1"]
[TimeControl "40/5400+30:1800+30"]

1. e4 d6 2. d4 g6 3. Nf3 Nf6 4. Nc3 Bg7 5. Bd3 O-O 6. O-O Nbd7 {B08: Pirc Defence: Classical System} 7. h3 h6 (7... e5 8. dxe5 dxe5 9. Bc4 c6 10. a4 h6 11. Be3 Qe7 12. Qd2 Kh7 13. Rfd1 Nc5 14. Bxc5 Qxc5 15. Bb3 a5 16. Qd6 Qxd6 17. Rxd6 Nd7 18. Rad1 {0-1 (53) Wang,Y (2442)-Malakhov,V (2695) China 2016}) 8. Be3 e5 9. Qd2 Kh7 10. dxe5 $146 ({Predecessor:} 10. Rad1 Qe7 11. Rfe1 c6 12. dxe5 dxe5 13. Bf1 Nc5 14. Bd3 Nh5 {1-0 (67) Binder,T (2240)-Mester,G (2340) Debrecen 1995}) 10... dxe5 11. Rad1 a6 12. Bc4 Qe7 13. Bb3 Nb8 14. Ne1 b5 15. f3 Bb7 16. Nd3 Nbd7 17. Qf2 Bc6 18. Nc5 Rfd8 19. Nd3 a5 20. a3 a4 21. Ba2 Nh5 22. Nb4 Nb8 23. Rxd8 Qxd8 24. Bxf7 Bf8 25. Nxc6 Nxc6 26. Bd5 ({But not} 26. Nxb5 Nf4) 26... Qf6 27. Nxb5 Rb8 28. c4 Rc8 $2 (28... Nf4 29. Nxc7 Be7 30. Bxc6 Qxc6) 29. Bxc6 Qxc6 30. Na7 Qa6 31. Nxc8 Qxc8 32. Rd1 Qa6 33. Bc5 Bg7 34. Qc2 Qc6 35. Bf2 Nf4 36. Be3 Nh5 37. Qd3 $18 Qb7 38. Rd2 Nf4 39. Bxf4 exf4 40. Qc2 Qc6 41. c5 Qb5 42. Kh2 Bf8 43. c6 h5 44. Rd7+ Kh6 45. Qc3 Qe2 46. h4 g5 47. Qf6# 1-0

[Event "Israel Team Ch Under 18"]
[Site "Jerusalem"]
[Date "2017.08.15"]
[Round "6"]
[White "Kereth, Oren"]
[Black "Sokolovsky, Yahli"]
[Result "1-0"]
[ECO "C49"]
[WhiteElo "1989"]
[BlackElo "1880"]
[Annotator "NA RC"]
[PlyCount "25"]
[EventDate "2017.??.??"]
[EventType "swiss"]
[EventCountry "ISR"]
[SourceTitle "playchess.com"]
[Source "ChessBase"]
[SourceQuality "1"]
[TimeControl "40/5400+30:1800+30"]

1. e4 e5 2. Nf3 Nc6 3. Nc3 Nf6 4. Bb5 Bb4 5. O-O O-O 6. d3 d6 7. Bg5 Bxc3 8. bxc3 Bg4 9. h3 Bh5 10. g4 Bg6 11. Nh2 d5 12. f4 h6 13. Bh4 1-0

[Event "Israel Team Ch Under 18"]
[Site "Jerusalem"]
[Date "2017.08.15"]
[Round "6"]
[White "Fainman, Tomer"]
[Black "Caspi, Nimi"]
[Result "1-0"]
[ECO "A58"]
[WhiteElo "1976"]
[BlackElo "1780"]
[Annotator "NA RC"]
[PlyCount "121"]
[EventDate "2017.??.??"]
[EventType "swiss"]
[EventCountry "ISR"]
[SourceTitle "playchess.com"]
[Source "ChessBase"]
[SourceQuality "1"]
[TimeControl "40/5400+30:1800+30"]

1. d4 Nf6 2. c4 c5 3. d5 b5 4. cxb5 a6 5. bxa6 g6 6. Nc3 {[%emt 0:00:26] A58: Benko/Volga Gambit: Lines with 5 bxa6} Bg7 (6... Bxa6 7. Nf3 Bg7 8. e4 Bxf1 9. Kxf1 d6 10. g3 O-O 11. Kg2 Na6 12. Qe2 Qb6 13. Rd1 Qb7 14. Rb1 Nd7 15. Bg5 Rfe8 16. a3 Nc7 17. Qc2 Nb6 18. a4 Rac8 19. b3 e6 20. dxe6 Nxe6 {1-0 (27) Jakovenko,D (2714)-Zvjaginsev,V (2673) Moscow 2016}) 7. e4 O-O 8. Nf3 Qa5 9. Bd3 {[%emt 0:01:15] LiveBook: 8 Games} (9. Bd2 $11) 9... Bxa6 (9... Nxd5 $1 $15 {stays ahead.} 10. exd5 Bxc3+ 11. Ke2 Bg7) 10. O-O d6 11. Re1 Nfd7 12. Bxa6 Nxa6 13. Bd2 $146 ({Find the theoretical novelty and annotate with similar games:} 13. Bf4 Rfb8 14. Re2 Rxb2 15. Rxb2 Bxc3 16. Bd2 Bxd2 17. Rxd2 {½-½ (41) Galic,K (2108)-Grozdanic,V (2077) Sibenik 2010}) 13... Nb4 14. Bg5 Rfe8 ({Black should play} 14... Qa6 $11) 15. a3 Na6 16. Qc2 Rab8 17. Rab1 Ne5 18. Nxe5 Bxe5 19. Bd2 Nc7 20. Ne2 Qa6 21. Bc3 Bxc3 22. Nxc3 Qc4 23. b3 Qa6 24. Qa2 Rb7 25. Rb2 (25. e5 $16) 25... Reb8 (25... Ra8 $11) 26. Re3 Qa5 27. Rb1 Ra8 28. a4 Na6 29. Qb2 ({White should play} 29. Qe2 $16) 29... Rab8 ({Black should play} 29... c4 $1 $11) 30. Nb5 Nc7 31. Nxc7 Rxc7 32. Qc3 Qa7 33. Re2 ({White should try} 33. e5 $16) 33... c4 $11 34. Rc2 Qb7 35. b4 Qa7 36. Ra2 Ra8 37. a5 Rb8 38. b5 Rc5 39. b6 Qa6 40. h3 Ra8 41. Rba1 Rb8 42. Rb1 Ra8 43. Rba1 Rb8 44. Qb4 Rb5 45. Qd2 Rc5 46. Qc3 Rb5 47. Rc1 R5xb6 48. Qxc4 Rb5 49. Qc6 Qa7 50. Qc7 Qa6 51. Rc6 Qa8 52. a6 Rb4 53. Qxe7 Rb1+ 54. Kh2 Rd8 55. Rxd6 Re8 56. Qf6 Qb8 57. g3 Qa7 58. Rd8 Rb8 59. Rxe8+ Rxe8 60. e5 Qc5 61. Qc6 1-0

[Event "Israel Team Ch Under 18"]
[Site "Jerusalem"]
[Date "2017.08.15"]
[Round "6"]
[White "Vazana, Yochay"]
[Black "Milikow, Yoav"]
[Result "1/2-1/2"]
[ECO "A01"]
[WhiteElo "1909"]
[BlackElo "2095"]
[Annotator "NA RC"]
[PlyCount "58"]
[EventDate "2017.??.??"]
[EventType "swiss"]
[EventCountry "ISR"]
[SourceTitle "playchess.com"]
[Source "ChessBase"]
[SourceQuality "1"]
[TimeControl "40/5400+30:1800+30"]

1. b3 Nf6 2. Bb2 g6 3. Bxf6 exf6 4. c4 f5 {[%emt 0:01:09] A01: Nimzowitsch-Larsen Opening} (4... d5 5. cxd5 Qxd5 6. e3 c6 7. Nc3 Qa5 8. a3 Bg7 9. b4 Qd8 10. Bc4 a5 11. b5 c5 12. Nge2 Nd7 13. Ba2 O-O 14. O-O f5 {½-½ (14) Bauer,C (2624)-Naiditsch,A (2698) Zuerich 2015}) 5. Nc3 Bg7 6. g3 O-O {[%emt 0:00:28] LiveBook: 24 Games} 7. Bg2 Nc6 8. e3 Bxc3 9. dxc3 Qf6 10. Ne2 a5 $146 ({Predecessor:} 10... Re8 11. O-O Nd8 12. Qc2 Ne6 {1-0 (36) Levushkina,E (2346)-Mueller Ludwig,K (2111) Germany 2010}) 11. O-O g5 12. Nd4 Ne7 13. h3 f4 14. Qf3 Ng6 15. exf4 gxf4 16. Ne2 d6 17. h4 Qf5 18. Nxf4 Nxf4 19. Qxf4 Qxf4 20. gxf4 c6 21. Rad1 Rd8 22. Rd2 (22. Rd4 $16) 22... Be6 (22... a4 $14) 23. Rfd1 a4 24. f5 (24. Be4 $16) 24... Bxf5 25. Rxd6 $11 Rxd6 26. Rxd6 axb3 27. axb3 Ra3 28. Rd8+ Kg7 29. Rb8 Rxb3 1/2-1/2

[Event "Israel Team Ch Under 18"]
[Site "Jerusalem"]
[Date "2017.08.15"]
[Round "6"]
[White "Kochavi, Ori"]
[Black "Solomon, Asif"]
[Result "1/2-1/2"]
[ECO "B90"]
[WhiteElo "1901"]
[BlackElo "2041"]
[Annotator "NA RC"]
[PlyCount "85"]
[EventDate "2017.??.??"]
[EventType "swiss"]
[EventCountry "ISR"]
[SourceTitle "playchess.com"]
[Source "ChessBase"]
[SourceQuality "1"]
[TimeControl "40/5400+30:1800+30"]

1. e4 c5 2. Nf3 d6 3. d4 cxd4 4. Nxd4 Nf6 5. Nc3 a6 6. h3 e6 (6... e5 $5 7. Nb3 Be6 $11) 7. Be3 {[%emt 0:03:08] LiveBook: 11 Games} (7. g4 $14) 7... Be7 {[%emt 0:00:53] B90: Sicilian Najdorf: Unusual White 6th moves, 6 Be3 Ng4 and 6 Be3 e5} (7... b5 8. a3 Bb7 9. Bd3 Nbd7 10. Qd2 Rc8 11. O-O-O Nb6 12. Kb1 Be7 13. f3 O-O 14. Rhe1 Nfd7 15. Qf2 Rxc3 16. bxc3 d5 17. e5 Bxa3 18. g4 Na4 19. Qd2 Bb2 {0-1 (19) Fercec,N (2467)-Stocko,J (2300) Bosnjaci 2017}) 8. Qd2 Nc6 9. Be2 O-O 10. O-O Qc7 11. Rad1 b5 12. a3 Bb7 13. Nxc6 Bxc6 14. Bd3 Qb7 15. f3 Rfd8 $146 16. Qf2 b4 17. axb4 Qxb4 18. Rb1 d5 19. Na2 Qb7 20. e5 Nd7 21. f4 Bb5 22. Bxb5 axb5 23. Nc1 Rdc8 24. Nd3 Qc6 25. c3 Qc4 26. Rbd1 g6 27. Qg3 Kh8 28. Bd4 Bc5 29. Nxc5 (29. Qe3 $5) 29... Nxc5 30. Ra1 $2 {[%emt 0:02:26] [#]} (30. Qh4 $11) 30... Nb3 (30... Rxa1 $1 $19 31. Rxa1 Nb3) 31. Rad1 Ra2 32. Rf2 (32. f5 $5 exf5 33. e6+ Nxd4 34. Rxd4 $11) 32... b4 33. Qe3 (33. f5 $11 bxc3 34. Bxc3) 33... Rca8 (33... bxc3 $15 34. Qxc3 Ra4) 34. f5 $1 bxc3 35. fxe6 c2 {[%emt 0:01:00] [#]} 36. Rc1 $1 Nxc1 (36... Ra1 $5 37. Kh2 $8 Qxd4 38. Qxd4 Nxd4 39. Rxa1 Rxa1 40. exf7 Ne6 41. Rxc2 Kg7 $19) 37. Qg5 $1 Ne2+ $16 (37... fxe6 $11 38. Qf6+ Kg8 39. Qxe6+ Kh8 40. Qf6+ Kg8 41. Qf7+ Kh8 42. Qf6+ Kg8 43. Qf7+ Kh8 44. Qf6+) 38. Kh2 f5 ({Stronger than} 38... c1=Q 39. Qf6+ Kg8 40. exf7+ Kf8 41. Qd6+ Kg7 42. f8=Q+ Rxf8 43. Qxf8#) 39. Qf6+ Kg8 40. Qf7+ Kh8 41. e7 Qc8 42. Rxe2 R2a4 43. e6+ 1/2-1/2

[Event "Israel Team Ch Under 18"]
[Site "Jerusalem"]
[Date "2017.08.15"]
[Round "6"]
[White "Kupervaser, Erez"]
[Black "Sobel, Alon"]
[Result "0-1"]
[ECO "B01"]
[WhiteElo "1868"]
[BlackElo "1597"]
[Annotator "NA RC"]
[PlyCount "32"]
[EventDate "2017.??.??"]
[EventType "swiss"]
[EventCountry "ISR"]
[SourceTitle "playchess.com"]
[Source "ChessBase"]
[SourceQuality "1"]
[TimeControl "40/5400+30:1800+30"]

1. e4 d5 2. exd5 Nf6 3. d4 Nxd5 4. c4 Nb6 5. Nc3 g6 {LiveBook: 64 Games} 6. d5 {B01: Scandinavian Defence} (6. a4 $14) (6. Be3 Bg7 7. h3 O-O 8. Nf3 Nc6 9. Qd2 e5 10. d5 Ne7 11. g4 f5 12. O-O-O e4 13. Ng5 h6 14. Ne6 Bxe6 15. dxe6 Qxd2+ 16. Rxd2 c6 17. Bc5 Rfe8 18. Rd7 Nxd7 19. exd7 Red8 20. Bxe7 Rxd7 21. Bc5 {½-½ (79) Yudasin,L (2556)-Kamsky,G (2717) New York 2004}) 6... c6 $146 ({Predecessor:} 6... Bg7 $11 7. Nf3 c6 8. dxc6 Qxd1+ 9. Nxd1 Nxc6 10. Be2 Be6 11. Ne3 Na5 12. Nd5 Nxd5 13. cxd5 Bxd5 {0-1 (48) Kalinowska,K (1515)-Swiech,J (1623) Maslow Pierwszy 2014}) 7. Be3 Bg7 8. h3 ({White should play} 8. Bd4 $11 e5 9. Bc5) 8... O-O 9. Nf3 cxd5 10. Bxb6 (10. cxd5 $17 {was called for.} Bxc3+ 11. bxc3 Qxd5 12. Be2) 10... Qxb6 ({Don't do} 10... axb6 11. cxd5 Na6 12. a3 $15) 11. Nxd5 Qxb2 12. Rc1 Nc6 ({Resist} 12... Qxa2 13. Nxe7+ Kh8 14. Be2) 13. Rc2 (13. Qd2 {was necessary.}) 13... Qa3 14. Bd3 e6 15. Nf4 Nb4 16. Re2 Bh6 $19 0-1

[Event "Israel Team Ch Under 18"]
[Site "Jerusalem"]
[Date "2017.08.15"]
[Round "6"]
[White "Garber, Tal"]
[Black "Vaknin, Asaf"]
[Result "1/2-1/2"]
[ECO "A30"]
[WhiteElo "1835"]
[BlackElo "1746"]
[Annotator "NA RC"]
[PlyCount "114"]
[EventDate "2017.??.??"]
[EventType "swiss"]
[EventCountry "ISR"]
[SourceTitle "playchess.com"]
[Source "ChessBase"]
[SourceQuality "1"]
[TimeControl "40/5400+30:1800+30"]

1. c4 c5 2. Nf3 Nc6 3. Nc3 g6 4. e3 Bg7 5. d4 cxd4 6. exd4 d6 7. Be2 Bg4 8. Be3 (8. d5 $5 Bxf3 9. Bxf3 Bxc3+ 10. bxc3 $14) 8... Nf6 {[%emt 0:02:28] A35: Symmetrical English: 2 Nc3 Nc6 3 Nf3} (8... Nh6 $11 {keeps the balance.} 9. d5 Bxf3 10. Bxf3 Ne5 11. Be2 Nf5 12. Bd2 h5 13. O-O Qb6 14. b3 a6 15. Rc1 Qd4 16. Qc2 {0-1 (63) Sumets,A (2577)-Onischuk,V (2614) Lvov 2016}) 9. O-O {[%emt 0:01:26] LiveBook: 7 Games} (9. d5 $16 Bxf3 10. Bxf3 (10. gxf3 Ne5 $14)) 9... O-O (9... d5 $11 {keeps the balance.}) 10. Re1 $146 (10. d5 $16 Ne5 11. Nxe5 Bxe2 12. Nxf7 (12. Nxe2 dxe5 13. Nc3 b6 $14) 12... Bxd1 13. Nxd8) ({Predecessor:} 10. h3 Bxf3 11. Bxf3 e5 12. d5 Ne7 13. g4 Nd7 14. Qd2 f5 15. Bh6 f4 16. Bxg7 Kxg7 17. Ne4 Nf6 18. Nxf6 Rxf6 19. g5 Rf7 20. Kh2 {½-½ (20) Dovzik,J (2278)-Szeberenyi,A (2376) Budapest 2015}) 10... d5 11. Ne5 Bxe2 12. Qxe2 e6 13. Nxc6 bxc6 14. cxd5 cxd5 15. Rec1 Nd7 16. Qd2 Nb6 17. b3 a6 18. Bh6 Qd7 19. Bxg7 Kxg7 20. Ne2 a5 21. a4 Qe7 22. Rc5 Nd7 23. Rxa5 Rxa5 24. Qxa5 Rb8 25. Qc3 Nf6 26. f3 Qb7 27. Rb1 Rc8 28. Qd2 Qa7 29. Kf1 (29. Nc3 $18) 29... Qa6 30. Ke1 Ne8 31. Nc1 Qd6 32. f4 $2 (32. h3 $16 {stays on course.}) 32... Nf6 33. Nd3 Ne4 34. Qb4 $2 {[%emt 0:00:52] [#]} (34. Qe2) 34... Qd8 $1 35. g3 Qf6 $2 (35... Rc2 $19 36. Rb2 Qc7) 36. Nc5 (36. Rc1 $11 Rxc1+ 37. Nxc1) 36... Qf5 37. Rd1 Qg4 38. Nxe4 dxe4 39. Qd2 Qf3 40. Qe2 Qxb3 41. a5 $2 (41. Qxe4 $17 Qxa4 42. Qd3) 41... e3 42. Qd3 Qb4+ 43. Ke2 Rc3 44. Qb1 Qxa5 $17 (44... Rb3 $19 {and Black stays clearly on top.} 45. Qe4 Qc4+ 46. Ke1 Qc3+ 47. Kf1 Rb2) 45. Rd3 Ra3 46. Rxa3 Qxa3 47. Qd3 Qb2+ 48. Kxe3 Qxh2 49. Kf3 h5 50. Qe3 Qh1+ 51. Kf2 Qd5 52. Qc3 Kh7 53. Qc5 Kg7 54. Qa7 Qe4 55. Qa1 Kh7 56. Qa7 Qf5 57. Qc5 Qd5 1/2-1/2

[Event "Israel Team Ch Under 18"]
[Site "Jerusalem"]
[Date "2017.08.15"]
[Round "6"]
[White "Katkov, Michelle"]
[Black "Tamir, Roee"]
[Result "1/2-1/2"]
[ECO "B02"]
[WhiteElo "1822"]
[BlackElo "1670"]
[Annotator "NA RC"]
[PlyCount "46"]
[EventDate "2017.??.??"]
[EventType "swiss"]
[EventCountry "ISR"]
[SourceTitle "playchess.com"]
[Source "ChessBase"]
[SourceQuality "1"]
[TimeControl "40/5400+30:1800+30"]

1. e4 d5 2. exd5 Nf6 3. Nc3 Nxd5 4. Nxd5 Qxd5 5. d4 g6 {B02: Alekhine's Defence: Chase Variation and lines with early Nc3} 6. Nf3 (6. c4 Qd6 7. Be3 Bg7 8. Qd2 c5 9. d5 O-O 10. Ne2 Nd7 11. Nc3 Ne5 12. Be2 Bf5 {½-½ (78) Massoni,M (2385)-Rapport,R (2654) Calvi 2013}) 6... Bg4 7. Be2 Bg7 8. h3 Bf5 9. O-O Nc6 10. Be3 O-O 11. Qd2 $146 ({Predecessor:} 11. c4 $5 Qd6 12. d5 $16 (12. Qd2 Rad8 13. d5 Ne5 14. Nd4 a6 15. Rad1 Bc8 16. f4 Nd7 17. b4 {1-0 (36) Hevendehl,H-Wolf,A Bad Schandau 1995})) 11... Rad8 12. Rad1 (12. c4 $14 Qa5 13. Qxa5 Nxa5 14. g4) 12... Rfe8 (12... Qxa2 $15 13. c4 Qb3) 13. c3 (13. c4 $14 Qa5 14. Qxa5 Nxa5 15. g4) 13... e5 14. dxe5 Qxa2 15. Qc1 Rxd1 16. Rxd1 Nxe5 17. Nd4 Bd7 18. Nb5 Bxb5 19. Bxb5 c6 20. Bf1 a6 21. Bd4 Qe6 22. Qe3 f6 (22... Qc8 $15) 23. Re1 Qd5 $11 1/2-1/2

[Event "Israel Team Ch Under 18"]
[Site "Jerusalem"]
[Date "2017.08.15"]
[Round "6"]
[White "Tillinger, Aviv"]
[Black "Chachashvili, Zuri"]
[Result "0-1"]
[ECO "B92"]
[WhiteElo "1815"]
[BlackElo "1911"]
[Annotator "NA RC"]
[PlyCount "126"]
[EventDate "2017.??.??"]
[EventType "swiss"]
[EventCountry "ISR"]
[SourceTitle "playchess.com"]
[Source "ChessBase"]
[SourceQuality "1"]
[TimeControl "40/5400+30:1800+30"]

1. e4 c5 2. Nf3 d6 3. d4 cxd4 4. Nxd4 Nf6 5. Nc3 a6 6. Be2 e5 7. Nb3 Be6 8. Be3 Nbd7 9. Qd3 Rc8 10. Nd5 Bxd5 11. exd5 Be7 12. O-O {[%emt 0:00:34] LiveBook: 3 Games B92: Sicilian Najdorf: 6 Be2} O-O 13. f4 $146 ({Predecessor:} 13. c4 $11 Ne8 14. Qd2 b6 15. Rac1 a5 16. Na1 g6 17. b4 Ng7 18. bxa5 bxa5 19. Bd3 Nc5 20. Bc2 a4 21. Rb1 {0-1 (66) Carlsen,M (2853)-Grischuk,A (2771) Saint Louis 2015}) 13... exf4 14. Bxf4 Nb6 15. Bf3 Qc7 16. c3 Qc4 17. Qxc4 Rxc4 18. Bg3 Rc7 19. Rfe1 Nc4 20. Re2 Rfc8 21. Rae1 Bf8 22. Nd4 g6 23. b3 Ne5 24. c4 Nd3 25. Rd1 Nc5 26. Rde1 (26. Bh4 $5 Bg7 27. Bg3 $16) 26... Nd3 27. Rf1 h5 28. Re3 Ne5 29. Bxe5 (29. Rxe5 $5 dxe5 30. Bxe5 $16) 29... dxe5 30. Rxe5 Bc5 31. Rd1 Nd7 32. Ree1 Kf8 {[%emt 0:01:22] [#]} (32... Nf6 $14) 33. Kf1 (33. d6 $1 $18 Bxd6 {[#]} 34. Ne6+ $1 fxe6 35. Rxd6) 33... Nf6 34. Ke2 Re8+ 35. Kd3 Rd8 36. Nc2 Bd6 37. g3 Nd7 38. Bg2 Ne5+ 39. Kc3 b5 40. Ne3 Rdc8 41. Rd4 Kg7 42. Bh3 Rb8 43. Rf1 Re8 44. Bg2 $17 Nd7 45. Rd3 Nc5 46. Rfd1 Nxd3 47. Kxd3 Rd8 48. Rc1 bxc4+ 49. Nxc4 Rb8 50. Rf1 Rd8 51. Re1 Bb4 52. Re4 Rxd5+ 53. Rd4 Rxd4+ 54. Kxd4 Rd7+ 55. Bd5 Kf6 56. Ne3 Be1 57. Kc4 Ke5 58. Bf3 Rc7+ 59. Kd3 f5 60. Nc4+ Ke6 61. Ke3 Bb4 62. Kf4 Rxc4+ 63. bxc4 Bd2# 0-1

[Event "Israel Team Ch Under 18"]
[Site "Jerusalem"]
[Date "2017.08.15"]
[Round "6"]
[White "Zhimalov, Adam"]
[Black "Kadria, Avi"]
[Result "0-1"]
[ECO "A06"]
[WhiteElo "1784"]
[BlackElo "1729"]
[Annotator "NA RC"]
[PlyCount "65"]
[EventDate "2017.??.??"]
[EventType "swiss"]
[EventCountry "ISR"]
[SourceTitle "playchess.com"]
[Source "ChessBase"]
[SourceQuality "1"]
[TimeControl "40/5400+30:1800+30"]

1. Nf3 d5 2. g3 Bg4 3. Bg2 Nf6 4. d3 Nc6 {[%emt 0:01:32] LiveBook: 6 Games} 5. c3 e5 6. Nbd2 $11 Qd7 7. b4 a6 8. a4 Bh3 9. O-O h5 10. Bb2 Bd6 11. b5 Nd8 12. e4 h4 13. Bxh3 Qxh3 14. Ng5 Qd7 15. exd5 Nxd5 16. Nde4 hxg3 17. fxg3 Ne3 18. Qf3 Nxf1 19. Rxf1 f6 20. Nxd6+ cxd6 21. Ne4 axb5 22. axb5 d5 23. Nxf6+ gxf6 24. Qxf6 Rg8 25. Qxe5+ Qe6 26. Qh5+ Kd7 27. Qh7+ Kc8 28. c4 dxc4 29. dxc4 Re8 30. Qh5 Qe3+ 31. Kg2 Qe2+ 32. Kh1 Qe3 33. Qc5+ {Ra2 Qh5} 0-1